AoeStats
← danjo

Migration

508188024Analyzed
1v1 RM · 11d ago on Sep 21, 2026· 54m 57s· 2 players
Game mode
Random Map
Map size
132×132
Population
200
Speed
Normal
Resources
Standard
Victory
Conquest
Starting age
Dark Age
Ending age
Imperial Age
RankedLock teamsTeams togetherTeam positionsShared explorationLock speedFull tech treeHidden civsTurbo modeCheats
Victory
Defeat
🇩🇪 Malay · Germany
1103
+14
🇪🇸 Wu · Spain
1066
-14
Th3_B0rg
12:19 Feudal Age
13:00 Double-Bit Axe
18:39 Gold Mining
18:42 Fishing Lines
20:11 Town Watch
27:16 Castle Age
25:02 Loom
28:49 Medium Warships
32:34 Imperial Age
34:25 Chemistry
33:39 Masonry
35:18 Heavy Warships
38:42 Gillnets
40:11 Fletching
41:18 Wheelbarrow
41:21 Bodkin Arrow
44:00 Bracer
danjo
11:25 Feudal Age
14:23 Double-Bit Axe
16:59 Castle Age
16:51 Medium Warships
24:53 Fletching
31:31 Thalassocracy
31:55 Bodkin Arrow
39:28 Imperial Age
42:30 Chemistry
44:01 Heavy Warships
50:36 Elite Cannon Galleon
Connection lost

Rejoining the realm…

Still unreachable

The connection could not be restored.

Session expired

The server has moved on; the page needs a fresh start.